 Dungeon Crawl Stone Soup version 0.25-a0-341-g6f074c887a (webtiles) character file.

Game seed: 18438321530373191006, levelgen mode: deterministic

60 BritishOli the Ducker (level 3, -2/28 HPs)
             Began as a Demonspawn Gladiator on Dec 30, 2019.
             Slain by a gnoll
             ... wielding a +0 spear
              (4 damage)
             ... on level 2 of the Dungeon.
             The game lasted 00:01:06 (1454 turns).

BritishOli the Ducker (Demonspawn Gladiator)        Turns: 1454, Time: 00:01:06

Health: -2/28      AC:  3    Str: 15    XL:     3   Next: 82%
Magic:  3/3        EV: 13    Int:  9    God:
Gold:   116        SH:  0    Dex: 14    Spells: 2/2 levels left

rFire    . . .     SeeInvis .   a - +0 long sword
rCold    . . .     Gourm    .   (no shield)
rNeg     . . .     Faith    .   b - +0 leather armour
rPois    .         Spirit   .   (helmet restricted)
rElec    .         Reflect  .   (no cloak)
rCorr    .         Harm     .   (no gloves)
MR       .....                  (no boots)
Stlth    +.........             (no amulet)
HPRegen  0.09/turn              (no ring)
MPRegen  0.08/turn              (no ring)

@: no status effects
A: horns 1
a: no special abilities


You were on level 2 of the Dungeon.
You were not hungry.

You visited 1 branch of the dungeon, and saw 2 of its levels.

You collected 116 gold pieces.

Inventory:

Hand Weapons
 a - a +0 long sword (weapon)
Missiles
 d - 5 throwing nets (quivered)
Armour
 b - a +0 leather armour (worn)
 c - a +0 helmet
Jewellery
 l - an uncursed ring of stealth {unknown}
Scrolls
 e - a scroll of identify {unknown}
 h - a scroll of teleportation {unknown}
 j - a scroll of enchant armour {unknown}
Potions
 g - a potion of invisibility {unknown}
 i - a potion of heal wounds {unknown}
 k - a potion of ambrosia {unknown}
 m - 2 potions of agility {unknown}
Comestibles
 f - a ration


   Skills:
 + Level 2.5 Fighting
 + Level 3.2 Long Blades
 + Level 2.0 Throwing
 + Level 0.8 Armour
 + Level 3.2 Dodging


You had 2 spell levels left.
You didn't know any spells.
Your spell library was empty.

Dungeon Overview and Level Annotations

Branches:
Dungeon (2/15)

Altars:


Innate Abilities, Weirdness & Mutations

You have a pair of small horns on your head.


Message History

The hobgoblin hits you with a +0 club.
The gnoll moves out of view.
There are monsters nearby!
You slash the hobgoblin!
You kill the hobgoblin!
The gnoll hits you from afar with a +0 spear.
A rat comes into view.
There are monsters nearby!
An adder and a kobold come into view.
The adder hisses angrily.
The gnoll hits you with a +0 spear. The gnoll closely misses you.
The adder moves out of view.
Found a whip.
You see here a +0 club.
There are monsters nearby!
You barely miss the gnoll. The gnoll hits you with a +0 spear!
The gnoll hits you from afar with a +0 spear!
* * * LOW HITPOINT WARNING * * *
The gnoll barely misses you.
The gnoll hits you from afar with a +0 spear.
You die... .r .. .... #S#K ... ?# ..## .# gg#

.# #g#
.#####. #@#
....... #
#.##......
#####
#.#.##.#...#
....#
#>...)..!#.#
.##.#
########...#
.##.####
##.##
.......#
#...#
###.##.#
#...#
###.##.###
#...#


You could see 3 gnolls, an adder, a kobold and a rat (wandering).

Vanquished Creatures
  2 adders (D:2)
  An ooze (D:1)
  A dart slug (D:1)
  A leopard gecko (D:1)
  A ball python (D:1)
  4 bats
  3 goblins (D:1)
  7 hobgoblins
  4 jackals
  A quokka (D:2)
  2 frilled lizards
  2 kobolds
  5 rats
34 creatures vanquished.

Notes
Turn   | Place    | Note
-------+----------+-------------------------------------------
     0 | D:1      | BritishOli the Demonspawn Gladiator began the quest for the
                  | Orb.
     0 | D:1      | Reached XP level 1. HP: 16/16 MP: 1/1
   201 | D:1      | Gained mutation: You have a pair of small horns on your
                  | head. [demonic ancestry]
   201 | D:1      | Reached XP level 2. HP: 22/22 MP: 2/2
   320 | D:1      | You fall into a shaft and drop 1 floor!
   387 | D:2      | Reached XP level 3. HP: 23/27 MP: 3/3
  1454 | D:2      | Slain by a gnoll

Levels and vault maps discovered:
D:1:      mushboom_english_gardens, layout_basic, serial_co_window_serial,
          co_window_paths_a, co_window_corner_a, co_window_corner_a,
          co_window_paths_a, co_window_corner_a, co_window_paths_a,
          co_window_corner_a, co_window_2corner, co_window_of_opportunity_c,
          co_window_2corner, co_window_paths_c, co_window_broadway_c,
          co_window_2corner, glass_columns_c, glass_columns_b, minmay_3d_cube
D:2:      layout_loops_cross, grunt_temple_overflow_order_and_chaos_1,
          minmay_bisected

Skill      XL: |  1  2 |
---------------+-------+-----
Long Blades    | 3 |  3.2
Dodging        | 3 |  3.2
Throwing       | 2 |  2.0
Fighting       | |  2.5
Armour         | |  0.8

Action                   || total
-------------------------++-------
Melee: Long sword        ||    83
       Headbutt          ||    15
  Eat: Chunk             ||     2
Armor: Leather armour    ||    28
Dodge: Dodged            ||    63
       Rpst.: Long sword ||    15

Table legend:
 A = Non-vault XP
 B = Vault XP
 C = Vault XP percentage of total XP
 D = Non-vault monster count
 E = Vault monster count
 F = Vault count percentage of total count
                 A         B        C        D         E       F
            +---------+---------+-------+---------+---------+-------
      Total |      81 |       6 |   6.9 |      30 |       4 |  11.8
            +---------+---------+-------+---------+---------+-------
        D:1 |      42 |       2 |   4.5 |      19 |       2 |   9.5
        D:2 |      39 |       4 |   9.3 |      11 |       2 |  15.4
            +---------+---------+-------+---------+---------+-------
